 Dungeon Crawl Stone Soup version 0.29-a0-8-g0446c0dae4 (webtiles) character file.

Game seed: 14590438612999789811

506 vishdafish the Skirmisher (level 6, -7/52 HPs)
             Began as a Palentonga Fighter on Jan 27, 2022.
             Killed by divine providence
             ... invoked by an orc priest
              (15 damage)
             ... on level 2 of the Dungeon.
             The game lasted 00:06:31 (3572 turns).

vishdafish the Skirmisher (Palentonga Fighter)      Turns: 3572, Time: 00:06:31

Health: -7/52      AC: 11    Str: 21    XL:     6   Next: 97%
Magic:  6/6        EV:  5    Int:  8    God:
Gold:   34         SH:  4    Dex: 10    Spells: 5/5 levels left

rFire   . . .      SeeInvis +   a - +0 long sword
rCold   . . .      Faith    .   c - +0 buckler
rNeg    . . .      Spirit   .   i - +0 chain mail
rPois   .          Reflect  .   (no helmet)
rElec   .          Harm     .   (no cloak)
rCorr   .          Rampage  .   j - +2 pair of gloves
Will    .....                   (no barding)
Stlth   ..........              (no amulet)
HPRegen 0.17/turn               (no ring)
MPRegen 0.10/turn               (no ring)

@: no status effects
A: large, rugged brown scales 3, see invisible, deformed body, roll 1, armoured
tail
a: Rolling Charge


You were on level 2 of the Dungeon.
You visited 1 branch of the dungeon, and saw 3 of its levels.

You collected 70 gold pieces.
You spent 36 gold pieces at shops.

Inventory:

Hand Weapons
 a - a +0 long sword (weapon)
Missiles
 k - 2 datura-tipped darts
Armour
 b - a +0 scale mail
 c - a +0 buckler (worn)
 i - a +0 chain mail (worn)
 j - a +2 pair of gloves (worn)
Scrolls
 e - a scroll of enchant weapon {unknown}
 f - 2 scrolls of vulnerability
 g - a scroll of torment {unknown}
Potions
 d - a potion of magic {unknown}
 h - a potion of haste
 l - a potion of resistance {unknown}
 m - a potion of ambrosia {unknown}


   Skills:
 + Level 4.7 Fighting
 + Level 4.0 Long Blades
 + Level 3.8 Armour
 + Level 3.9 Shields


You had 5 spell levels left.
You didn't know any spells.
Your spell library was empty.

Dungeon Overview and Level Annotations

Branches:
Dungeon (3/15)

Altars:
Fedhas

Shops:
D:2 *


Innate Abilities, Weirdness & Mutations

You are completely covered in rugged brown scales. (AC +3, +7% HP)
You have supernaturally acute eyesight. (SInv)
Armour fits poorly on your strangely shaped body.
You can roll at nearby foes to attack.
You have a long armoured tail.


Message History

The orc priest is moderately wounded.
You block the orc priest's attack.
You completely miss the orc priest.
The orc priest is moderately wounded.
The orc priest miscasts a cantrip.
You hit the orc priest.
Your tail-slap misses the orc priest.
The orc priest is heavily wounded.
The orc priest hits you but does no damage.
There is a stone staircase leading up here.
The orc priest mumbles some strange prayers to Beogh against you.
Pain shoots through your body!
You climb upwards.
There is a stone staircase leading down here.
You are too injured to fight recklessly!
You are too injured to fight recklessly!
You are too injured to fight recklessly!
You are too injured to fight recklessly!
You are too injured to fight recklessly!
You are too injured to fight recklessly!
You are too injured to fight recklessly!
You are too injured to fight recklessly!
You are too injured to fight recklessly!
You are too injured to fight recklessly!
You are too injured to fight recklessly!
You are too injured to fight recklessly!
You hit the orc priest.
The orc priest is heavily wounded.
The orc priest hits you with a +0 hand axe.
The orc priest mumbles some strange prayers to Beogh against you.
Beogh smites you!
* * * LOW HITPOINT WARNING * * *
You hit the orc priest.
The orc priest is severely wounded.
The orc priest hits you with a +0 hand axe.
* * * LOW HITPOINT WARNING * * *
You closely miss the orc priest.
The orc priest is severely wounded.
The orc priest calls down the wrath of Beogh upon you.
Beogh smites you!
You die...

##.###.#.##.#.###..#..#...###.#
###................#...####.....#
........#..............#........#
............>...................#
.......#.............#..........#
.....................###........#
........#.#..........###........#
........#.##...#.o......[.......#
###)###.........@....###.........
#.# #.#.#...##.....# #........#
##.# #.....#..####..###........#
#..# #...####.# ##........<...#
#######...# #.# ##...(...###.#
..........# #.# #.......###.#
........#.####.## #........##.#
................#####......#..#.#
..............#..................


You could see an orc priest.

Vanquished Creatures
  Grinder (D:3)
  Sigmund (D:2)
  Jessica (D:2)
  An orc wizard (D:2)
  3 gnolls (D:3)
  2 adders (D:2)
  A dart slug (D:1)
  5 orcs
  5 ball pythons
  9 endoplasms
  A giant cockroach (D:2)
  3 goblins
  5 hobgoblins
  2 quokkas
  5 bats
  3 kobolds
  6 rats
54 creatures vanquished.

Notes
Turn   | Place    | Note
-------+----------+-------------------------------------------
     0 | D:1      | vishdafish the Palentonga Fighter began the quest for the
                  | Orb.
     0 | D:1      | Reached XP level 1. HP: 19/19 MP: 1/1
   699 | D:1      | Reached XP level 2. HP: 25/25 MP: 2/2
  1095 | D:1      | Reached XP level 3. HP: 13/31 MP: 3/3
  1693 | D:2      | Found a blossoming altar of Fedhas.
  1777 | D:2      | Reached XP level 4. HP: 38/38 MP: 4/4
  1947 | D:2      | Found Tis Dapomee's Assorted Antiques.
  1950 | D:2      | Noticed Jessica
  1951 | D:2      | Noticed Sigmund
  2279 | D:2      | Killed Sigmund
  2280 | D:2      | Reached XP level 5. HP: 38/44 MP: 5/5
  2281 | D:2      | Killed Jessica
  2376 | D:2      | Bought a fuming grey potion for 18 gold pieces
  2376 | D:2      | Bought a silvery potion for 18 gold pieces
  2528 | D:3      | Reached XP level 6. HP: 40/51 MP: 6/6
  3194 | D:3      | Noticed Grinder
  3217 | D:3      | Paralysed by Grinder for 3 turns
  3221 | D:3      | Killed Grinder
  3398 | D:3      | Found a faded altar of an unknown god.
  3572 | D:2      | Killed from afar by an orc priest

Illustrated notes

Levels and vault maps discovered:
D:1:      scummos_arrival_simple_fountains, layout_basic, minmay_box_of_dots
D:2:      layout_rooms, basic_altar, serial_shops, nicolae_shop_hallway_plus,
          uniq_jessica, uniq_sigmund
D:3:      layout_basic, hellmonk_ecumenical_altar_slurped_away,
          grunt_decor_junction, amcnicky_mini_rare_corridor_liquid, uniq_grinder

Skill      XL: |  1  2  3  4  5  6 |
---------------+-------------------+-----
Shields        | 3 |  3.9
Fighting       | 4 |  4.7
Long Blades    | 3 4 |  4.0
Armour         | 3 |  3.8

Action                   |  1- 3 |  4- 6 || total
-------------------------+-------+-------++-------
Melee: Long sword        |    68 |    69 ||   137
       Tailslap          |     7 |    10 ||    17
Throw: Dart              |     1 |     2 ||     3
 Abil: Rolling Charge    |     1 |     2 ||     3
  Use: Potion            |       |     4 ||     4
       Scroll            |       |     1 ||     1
Armor: Scale mail        |     9 |       ||     9
       Chain mail        |    47 |    28 ||    75
Dodge: Dodged            |    25 |    18 ||    43
Block: Buckler           |    14 |    10 ||    24

Table legend: (Time is in decaauts)
 A = Elapsed time spent in this place.
 B = Non-inter-level travel time spent in this place.
 C = Inter-level travel time spent in this place.
 D = Time resting spent in this place.
 E = Time spent auto-exploring this place.
 F = Levels seen in this place.
 G = Mean time per level.
                   A        B        C        D        E       F      G
               +--------+--------+--------+--------+--------+-----+--------+
         Total |   3571 |   3328 |    243 |   1013 |   1754 |   3 | 1190.3 |
       Dungeon |   3571 |   3328 |    243 |   1013 |   1754 |   3 | 1190.3 |
               +--------+--------+--------+--------+--------+-----+--------+

Top non-repeatable levels by time:
     D:1: 1783 daAuts
     D:2: 977 daAuts
     D:3: 810 daAuts
